 Dungeon Crawl Stone Soup version 0.31-a0-977-gc230f8ef24 (webtiles) character file.

Game seed: 4076555656514143985

125 mattiecakes the Skirmisher (level 5, -4/45 HPs)
             Began as a Kobold Hunter on Oct 29, 2023.
             Killed by divine providence
             ... invoked by an orc priest
              (8 damage)
             ... on level 3 of the Dungeon.
             The game lasted 00:03:03 (1741 turns).

mattiecakes the Skirmisher (Kobold Hunter)          Turns: 1741, Time: 00:03:04

Health: -4/45      AC:  3    Str:  5 (8)  XL:     5   Next: 30%
Magic:  5/5        EV: 14    Int:  8 (10) God:
Gold:   171        SH:  0    Dex: 20 (21) Spells: 4/4 levels left

rFire   . . .        a - +0 shortbow
rCold   . . .        (shield currently unavailable)
rNeg    . . .        c - +0 leather armour
rPois   .            (no helmet)
rElec   .            (no cloak)
rCorr   .            (no gloves)
SInv    .            (no boots)
Will    .....        (no amulet) Stlth
                     (no ring)
HPRegen 0.27/turn    (no ring)
MPRegen 0.09/turn

%: no passive effects
@: berserking (expiring), lethally poisoned (-4 -> -19), studying
Transmutations, very quick
A: small, no large weapons, nightstalker 3
a: no special abilities


You were on level 3 of the Dungeon.
You visited 1 branch of the dungeon, and saw 3 of its levels.

You collected 171 gold pieces.

Inventory:

Hand Weapons
 a - a +0 shortbow (weapon)
Armour
 c - a +0 leather armour (worn)
Scrolls
 b - a scroll of butterflies
 d - a scroll of revelation {unknown}
 j - a scroll of noise {unknown}
 k - a scroll of enchant armour {unknown}
 l - 3 scrolls of identify {unknown}
 m - a scroll of teleportation {unknown}
Potions
 e - a potion of degeneration
 f - a potion of curing {unknown}
 g - a potion of berserk rage
 h - a potion of might {unknown}
 i - a potion of brilliance {unknown}
 n - a potion of attraction {unknown}


   Skills:
 - Level 2.1 Fighting
 + Level 8.2 Ranged Weapons
 - Level 2.4 Dodging
 - Level 1.3 Stealth


You had 4 spell levels left.
You didn't know any spells.
Your spell library contained the following spells:

 Spells                   Type           Power      Damage    Failure   Level
 Foxfire                  Conj/Fire      0%         2x1d4     58%         1
 Ensorcelled Hibernation  Hex/Ice        0%         N/A       73%         2
 Jinxbite                 Hex            0%         N/A       73%         2
 Anguish                  Hex/Necr       0%         N/A       100%        4
 Plasma Beam              Fire/Air       0%         2x1d10    100%        6
 Starburst                Conj/Fire      0%         6d3       100%        6


Dungeon Overview and Level Annotations

Branches:
Dungeon (3/15)

Altars:


Innate Abilities, Weirdness & Mutations

You are small and have problems with some larger weapons.
You are completely attuned to the shadows.


Message History

The orc wizard completely misses you.
It was a potion of berserk rage.
A red film seems to cover your vision as you go berserk!
You feel yourself moving faster!
You feel mighty!
You're too confused to move!
You feel a strong urge to attack something.
The orc wizard misses you.
The orc priest mumbles some strange prayers to Beogh against you.
Pain shoots through your body!
You clumsily bash the orc priest.
The orc priest is moderately wounded.
The orc wizard hits you with a +2 dagger of venom.
The orc priest closely misses you.
You hit the orc wizard!
The orc wizard is almost dead.
The orc wizard gestures wildly while chanting.
The orc wizard flickers and vanishes!
Deactivating autopickup; reactivate with Ctrl-A.
The orc priest completely misses you.
You bump into the rock wall.
Something hits you.
You are poisoned.
The orc priest calls down the wrath of Beogh upon you.
Pain shoots through your body!
You feel a strong urge to attack something.
You feel less confused.
You feel sick.
You clumsily bash something but do no damage.
You feel very sick. Something hits you.
* * * LOW HITPOINT WARNING * * *
You are too berserk!
You clumsily bash the orc priest.
The orc priest is heavily wounded.
* * * LOW HITPOINT WARNING * * *
You feel sick. Something hits you.
* * * LOW HITPOINT WARNING * * *
You are more poisoned.
The orc priest calls down the wrath of Beogh upon you.
Beogh smites you!
You die...

######### #.......#
#.>.....# ..##
#.......#
.>..####.......#
......##.......#
#......##.....@{##.#
#..........†...oSo..
#.....#....######..#
#.....##....... .†
#.....####.##.. .
#.....# #.....
#.....# #...#.
#.....####.#.#
######......<#..


You could see an orc priest, an adder and an orc.

Vanquished Creatures
  3 gnolls (D:2)
  4 adders (D:2)
  2 worms (D:3)
  A dart slug (D:3)
  2 orcs (D:3)
  5 ball pythons
  3 bats
  5 endoplasms
  3 giant cockroaches
  2 goblins (D:1)
  5 hobgoblins
  8 kobolds (D:2)
  3 quokkas
  A frilled lizard (D:2)
  7 rats
54 creatures vanquished.

Notes
Turn   | Place    | Note
-------+----------+-------------------------------------------
     0 | D:1      | mattiecakes the Kobold Hunter began the quest for the Orb.
     0 | D:1      | Reached XP level 1. HP: 12/12 MP: 1/1
    90 | D:1      | Reached XP level 2. HP: 17/17 MP: 2/2
   100 | D:1      | Found a faded altar of an unknown god.
   195 | D:1      | Reached skill level 6 in Ranged Weapons
   502 | D:1      | Reached XP level 3. HP: 21/21 MP: 3/3
   903 | D:2      | Reached skill level 7 in Ranged Weapons
   904 | D:2      | Reached XP level 4. HP: 19/26 MP: 4/4
  1227 | D:2      | Reached XP level 5. HP: 30/30 MP: 5/5
  1271 | D:2      | Reached skill level 8 in Ranged Weapons
  1741 | D:3      | Killed from afar by an orc priest

Illustrated notes

Levels and vault maps discovered:
D:1:      saegor_arrival_simple_d, layout_loops_cross,
          hellmonk_ecumenical_altar_crossroads
D:2:      layout_loops_ring, grunt_ministairs_13, chequers_serial_rivers_small_3
D:3:      layout_rooms, amethyst_overflow_temple_binary

Skill      XL: |  1  2  3  4  5 |
---------------+----------------+-----
Ranged Weapons | 6 7 8 |  8.2
Fighting       | |  2.1
Dodging        | |  2.4
Stealth        | |  1.3

Action                     |  1- 3 |  4- 6 || total
---------------------------+-------+-------++-------
  Melee: Shortbow          |       |     4 ||     4
   Fire: Shortbow          |    67 |    80 ||   147
    Use: Potion            |       |     2 ||     2
 Armour: Leather armour    |     8 |    20 ||    28
  Dodge: Dodged            |    18 |    22 ||    40

Table legend: (Time is in decaauts)
 A = Elapsed time spent in this place.
 B = Non-inter-level travel time spent in this place.
 C = Inter-level travel time spent in this place.
 D = Time resting spent in this place.
 E = Time spent auto-exploring this place.
 F = Levels seen in this place.
 G = Mean time per level.
                   A        B        C        D        E       F      G
               +--------+--------+--------+--------+--------+-----+--------+
         Total |   1761 |   1710 |     51 |     22 |   1432 |   3 |  587.0 |
       Dungeon |   1761 |   1710 |     51 |     22 |   1432 |   3 |  587.0 |
               +--------+--------+--------+--------+--------+-----+--------+

Top non-repeatable levels by time:
     D:2: 885 daAuts
     D:1: 762 daAuts
     D:3: 113 daAuts
